 Dungeon Crawl Stone Soup version 0.17.1-3-g152610e (webtiles) character file.

250751 inmateoo the Bewitcher (level 19, -2/142 HPs)
             Began as a Vampire Enchanter on Feb 17, 2016.
             Was the Champion of Okawaru.
             Shot with a bolt of penetration by a yaktaur captain (20 damage)
             ... on level 4 of the Vaults on Feb 18, 2016.
             The game lasted 02:45:02 (47322 turns).

inmateoo the Bewitcher (Vampire Enchanter)         Turns: 47322, Time: 02:45:02

Health: -2/142     AC: 23    Str:  8      XL:     19   Next: 31%
Magic:  25/34      EV: 19    Int: 22      God:    Okawaru [******]
Gold:   2245       SH:  8    Dex: 19 (20) Spells: 11 memorised, 5 levels left

rFire  + . .     SeeInvis +     q - +9 quick blade of Salt {drain, MR+}
rCold  + . .     Clarity  .     C - +10 ring mail of Depression {rN+}
rNeg   + . .     SustAt   .     m - +2 buckler
rPois  .         Gourm    .     B - +0 helmet {Int+3}
rElec  .         Spirit   .     v - +1 cloak {MR+}
rCorr  .         Warding  .     Z - +0 pair of gloves (curse)
rMut   .         Stasis   .     f - +1 pair of boots {rF+}
MR     ++++.                    A - amulet of regeneration
Stlth  +++++++...               b - ring of protection from cold
                                d - ring of protection from magic

@: regenerating quickly, incredibly resistant to hostile enchantments, extremely
stealthy
A: fangs 3, talons 1, see invisible, deterioration 1, sense surroundings 1, spit
poison 1, unbreathing
a: Spit Poison, Heroism, Finesse, Renounce Religion
}: 1/15 runes: decaying


You were on level 4 of the Vaults.
You worshipped Okawaru.
Okawaru was exalted by your worship.
You were very full.

You visited 7 branches of the dungeon, and saw 37 of its levels.
You also visited: Labyrinth and Volcano.

You collected 4136 gold pieces.
You spent 1891 gold pieces at shops.

Inventory:

Hand Weapons
 q - the +9 quick blade of Salt (weapon) {drain, MR+}
   (Okawaru gifted it to you on level 3 of the Swamp)

   A truly terrible weapon, it drains the life of those it strikes.
   It affects your resistance to hostile enchantments.
 M - the +2 quick blade of the Queen {drain, rPois rC+ Dex+3}
   (Okawaru gifted it to you on level 14 of the Dungeon)

   A truly terrible weapon, it drains the life of those it strikes.
   It affects your dexterity (+3).
   It protects you from cold.
   It protects you from poison.
 N - a +2 dagger of venom
Missiles
 I - 7 throwing nets (quivered)
Armour
 f - a +1 pair of boots of fire resistance (worn)
 m - a +2 buckler (worn)
 v - a +1 cloak of magic resistance (worn)
 B - a +0 helmet of intelligence (worn)
 C - the +10 ring mail of Depression (worn) {rN+}
   (You found it on level 15 of the Dungeon)

   It protects you from negative energy.
 Z - a cursed +0 pair of gloves (worn)
Rods
 n - a +6 rod of shadows (2/16)
   (You took it off a minotaur in a labyrinth)
Jewellery
 b - a ring of protection from cold (right hand)
 d - a ring of protection from magic (left hand)
 k - an uncursed ring of protection from fire
 A - an amulet of regeneration (around neck)
 H - an uncursed ring of teleportation
 T - the ring "Adogye" {+Fly MP+9 Dex+4}
   (You found it in a labyrinth)

   [ring of flight]

   It affects your dexterity (+4).
   It affects your magic capacity (+9).
   It lets you fly.
 U - the ring of Attitude {rN+ Stlth+}
   (You found it in a labyrinth)

   [ring of stealth]

   It protects you from negative energy.
   It makes you more stealthy.
 X - the ring "Fitein" {SustAt rElec rC- rN+++ Slay-2}
   (You bought it in a shop on level 4 of the Orcish Mines)

   [ring of sustain attributes]

   It sustains your strength, intelligence and dexterity.
   It affects your accuracy and damage with ranged weapons and melee attacks
   (-2).
   It makes you vulnerable to cold.
   It insulates you from electricity.
   It renders you almost immune to negative energy.
Wands
 a - a wand of disintegration (2)
 J - a wand of disintegration (9)
 L - a wand of fire (0)
 O - a wand of teleportation (6)
Scrolls
 g - 2 scrolls of recharging
 o - 4 scrolls of teleportation
 s - 5 scrolls of identify
 u - 4 scrolls of enchant armour
 w - 10 scrolls of enchant weapon
 x - 2 scrolls of fog
 y - 8 scrolls of amnesia
 z - 9 scrolls of remove curse
 G - a scroll of fear
 P - 2 scrolls of blinking
 V - 2 scrolls of brand weapon
 W - 4 scrolls of magic mapping
Potions
 c - a potion of cancellation
 e - 13 potions of curing
 i - 7 potions of flight
 j - 4 potions of brilliance
 l - 6 potions of agility
 p - 3 potions of haste
 r - 2 potions of magic
 t - 4 potions of berserk rage
 D - 6 potions of might
 E - 5 potions of ambrosia
 K - 8 potions of heal wounds
 S - a potion of invisibility
 Y - 2 potions of resistance
Books
 R - an Akashic Record

   Spells                             Type                      Level
   a - Dispersal                      Translocation                6
   b - Malign Gateway                 Summoning/Translocation      7
   c - Disjunction                    Translocation                8
   d - Controlled Blink               Translocation                8
Miscellaneous
 F - a fan of gales
 Q - a phial of floods


   Skills:
 + Level 10.5 Fighting
 - Level 16.0 Short Blades
 + Level 6.9 Armour
 + Level 13.7 Dodging
 * Level 17.6 Stealth
 - Level 4.0 Shields
 + Level 11.7 Spellcasting
 + Level 19.0 Hexes
 - Level 8.0 Translocations
 - Level 1.0 Ice Magic
 - Level 2.2 Air Magic
 - Level 3.0 Invocations
 + Level 10.4 Evocations


You had 5 spell levels left.
You knew the following spells:

 Your Spells              Type           Power        Failure   Level  Hunger
a - Corona                Hex            #######      0%          1    None
b - Ensorcelled Hibernat  Hex/Ice        ######       1%          2    None
c - Confuse               Hex            #######.     0%          3    None
d - Dazzling Spray        Conj/Hex       ######..     1%          3    None
e - Tukima's Dance        Hex            #######.     0%          3    None
f - Repel Missiles        Chrm/Air       ###...       14%         2    None
g - Mass Confusion        Hex            #######...   1%          6    #####..
h - Apportation           Tloc           #####.....   1%          1    None
i - Passage of Golubria   Tloc           N/A          6%          4    None
j - Deflect Missiles      Chrm/Air       ###.......   100%        6    #####..
k - Silence               Hex/Air        ######....   6%          5    ####...


Dungeon Overview and Level Annotations

Branches:
Dungeon (15/15)            Temple (1/1) D:6            Lair (8/8) D:9
  Swamp (4/4) Lair:6       Spider (0/4) Lair:5        Slime (0/6) Lair:8
    Orc (4/4) D:10            Elf (0/3) Orc:4        Vaults (4/5) D:14
  Crypt (0/3) Vaults:3     Depths (1/5) D:15

Altars:
Ashenzari
Cheibriados
Dithmenos
Elyvilon
Gozag
Kikubaaqudgha
Makhleb
Nemelex Xobeh
Okawaru
Qazlal
Ru
Sif Muna
Trog
Yredelemnul
Zin
The Shining One
Beogh
Lugonu

Shops:
D:4 :   D:7 :   D:8 !   Orc:2 }   Orc:4 ?==[   Vaults:1 *   Depths:1 *

Portals:
Hell: Depths:1
Abyss: Depths:1
Trove: D:11 (give +4 fire dragon armour)

Annotations:
Lair:7 exclusion: oklob plant


Innate Abilities, Weirdness & Mutations

Your natural rate of healing is unusually fast.
You have razor-sharp teeth.
You have supernaturally acute eyesight.
You can survive without breathing.
You have sharp toenails.
Your body sometimes deteriorates upon taking damage.
You passively map a small area around you.
You can spit weak poison.


Message History

Aiming: Dazzling Spray
Press: ? - help, Shift-Dir - straight line, f/p - vault warden
Aim: a vault warden, wielding a war axe and wearing a plate armour (almost dead, blind, hasn't noticed you)
The spray of energy hits the vault warden.
You kill the vault warden!
Okawaru accepts your kill.
The runic seals fade away.
The spray of energy hits the ironheart preserver.
The ironheart preserver is moderately wounded.
The ironheart preserver misses you.
Unknown command.
You open the door.
The yaktaur captain shoots a bolt of penetration.
The bolt of penetration pierces through you!
* * * LOW HITPOINT WARNING * * *
The ironheart preserver misses you.
Unknown command.
The yaktaur captain shoots a bolt of penetration.
The bolt of penetration pierces through you!!
You die...

#####...........+........ , ,, ,
....#.#.#.#)#.#.+...).... ,
....#..........c#........
....#.#(#.#.#)#.######### * *
..).#.).....(.(.#
.).(+.#.#(#)#.#)#
.<))#p......).p(#
....#.#.#.#.#†#(################
....#..........(@.)............#
....#############)†............#
....# #..)..........}# ....#
#..............# ....#
#..[...........# ....#
#..............## #####
#..........>..)##
#..............#.
#..............'[


You could see an ironheart preserver and a yaktaur captain.

Vanquished Creatures
  A tentacled monstrosity (Depths:1)
  A sphinx (Vaults:3)
  Frances (D:13)
  A tengu reaver (Vaults:4)
  A thorn hunter (Swamp:3)
  An orc warlord (Orc:4)
  A frost giant (D:15)
  9 vault wardens
  Aizul (Swamp:3)
  2 fire giants
  A war gargoyle (Vaults:4)
  9 ironheart preservers
  4 stone giants
  A very ugly thing (Depths:1)
  A deep elf annihilator (Vaults:3)
  The ghost of emiel the Geomancer, a journeyman FoEE of Cheibriados (Lair:8)
  A red draconian (Volcano)
  3 vault guards
  Snorg (Orc:1)
  A deep elf death mage (Vaults:3)
  An ettin (Vaults:4)
  A minotaur (Lab)
  6 yaktaur captains
  3 fire dragons
  2 ice dragons (Depths:1)
  2 rakshasas (Depths:1)
  7 ogre magi
  A great orb of eyes (shapeshifter) (Depths:1)
  26 hydras
  2 catoblepae
  8 alligators
  6 centaur warriors
  A dancing weapon (D:14)
  4 death yaks (Lair:8)
  A queen ant (Lair:8)
  3 deep troll earth magi
  2 tengu warriors (Depths:1)
  4 orc high priests (Orc:4)
  5 deep troll shamans
  Nergalle (D:12)
  3 deep elf knights
  A flayed ghost (Vaults:1)
  3 shadow wraiths
  2 skeletal warriors (D:14)
  13 deep trolls
  2 giant orange brains
  9 swamp dragons
  The ghost of kaze the Ducker, a novice TrBe of Trog (D:7)
  An unseen horror (shapeshifter) (Vaults:2)
  5 shambling mangroves
  5 unseen horrors
  A phantasmal warrior (Vaults:4)
  2 manticores
  12 ironbrand convokers
  10 orc knights
  7 hill giants
  3 hornets
  A wolf spider zombie (D:13)
  A deep elf conjurer (Vaults:4)
  2 necromancers
  2 wizards
  7 griffons
  2 wolf spiders
  4 orc sorcerers
  2 hornets (shapeshifter)
  A wolf spider (shapeshifter) (Vaults:1)
  2 cyclopes
  19 ugly things
  Maurice (D:10)
  3 elephants (Lair:5)
  6 black mambas
  A torpor snail (Lair:7)
  2 gargoyles
  12 vault sentinels
  5 komodo dragons
  A yaktaur (shapeshifter) (Vaults:1)
  6 kobold demonologists
  2 fire drakes
  21 spiny frogs
  12 two-headed ogres
  39 yaktaurs
  A fire drake (shapeshifter) (Vaults:2)
  8 trolls
  2 deep elf priests
  5 spriggan druids
  A jumping spider (shapeshifter) (Vaults:4)
  A freezing wraith (Vaults:2)
  A polar bear (shapeshifter) (D:15)
  10 polar bears (Lair:8)
  Grinder (D:4)
  Prince Ribbit (D:7)
  4 giant leeches
  7 bog bodies
  34 blink frogs
  2 boulder beetles
  A queen bee (shapeshifter) (Vaults:1)
  30 slime creatures
  Sigmund (D:3)
  2 tarantellas (shapeshifter)
  9 redbacks
  A salamander simulacrum (Vaults:3)
  18 spriggans
  2 wyverns
  2 basilisks
  3 shadows
  3 vampires (Depths:1)
  3 water elementals (Depths:1)
  8 hippogriffs
  4 wraiths
  4 hungry ghosts
  5 deep elf magi
  5 deep elf fighters
  40 yaks
  42 wolves
  3 mottled dragons
  43 vampire mosquitoes
  7 insubstantial wisps
  Edmund (D:6)
  20 swamp worms
  5 soldier ants (Lair:8)
  A soldier ant (shapeshifter) (Vaults:2)
  15 water moccasins
  7 porcupines
  8 wargs
  8 black bears
  5 necrophages
  6 sky beasts
  Duvessa (D:7)
  47 orc warriors
  10 swamp drakes
  2 phantoms
  6 ice beasts
  A black bear (shapeshifter) (Vaults:1)
  33 centaurs
  37 ogres
  7 boggarts
  An eye of draining (D:13)
  18 wasps
  13 crocodiles
  A brain worm (shapeshifter) (D:13)
  17 giant frogs
  2 wyvern zombies
  6 big kobolds
  Dowan (D:7)
  5 wights
  3 scorpions
  A troll zombie (D:11)
  14 killer bees
  An electric eel (Lair:4)
  9 crimson imps
  4 giant frog zombies
  3 centaur skeletons
  10 hounds
  A human zombie (D:11)
  7 centaur zombies
  3 giant frog skeletons
  A jelly (shapeshifter) (Vaults:2)
  39 orc wizards
  Crazy Yiuf (D:4)
  10 iguanas
  7 jellies
  35 orc priests
  22 worker ants
  A worker ant (shapeshifter) (Vaults:4)
  A polar bear simulacrum (Lair:7)
  A yak simulacrum (Lair:7)
  30 sheep
  A wolf simulacrum (Lair:7)
  4 hound skeletons
  2 mummies (D:11)
  4 worker ant zombies
  65 river rats
  6 gnolls
  16 adders
  6 shadow imps
  3 oozes
  An adder skeleton (D:4)
  An adder zombie (D:5)
  6 worms
  8 giant geckos
  224 orcs
  A ball python (D:1)
  16 bats
  6 giant cockroaches
  7 hobgoblins
  13 kobolds
  A giant cockroach zombie (D:5)
  9 giant newts
  9 goblins
  16 jackals
  An orc skeleton (D:11)
  An orc zombie (D:11)
  A quokka (D:4)
  A quokka skeleton (D:6)
  9 rats
  8 river rat simulacra (Lair:7)
  2 butterflies (D:6)
  A fungus (Lair:7)
1613 creatures vanquished.

Vanquished Creatures (collateral kills)
  Saint Roka (Vaults:2)
  A lich (Vaults:4)
  2 thorn hunters
  A frost giant (Depths:1)
  2 vault wardens
  Harold (Lair:2)
  A hydra (Lair:3)
  2 ogre magi
  A dancing weapon (D:14)
  6 death yaks (Lair:8)
  Urug (D:11)
  3 skeletal warriors
  2 swamp dragons (Swamp:4)
  5 hill giants
  2 spriggan druids (Swamp:4)
  An orc knight (Vaults:1)
  An ugly thing (Swamp:1)
  A komodo dragon (Lair:8)
  2 spiny frogs (Swamp:3)
  2 trolls
  A yaktaur (Vaults:3)
  2 two-headed ogres (Vaults:2)
  2 blink frogs (Swamp:3)
  A spriggan (Swamp:4)
  A deep elf mage (Vaults:2)
  Grum (D:8)
  2 yaks (D:10)
  A basilisk (Lair:8)
  3 wolves
  A hippogriff (Lair:8)
  4 insubstantial wisps (Swamp:4)
  An eye of draining (shapeshifter) (Vaults:2)
  4 ogres
  A swamp drake (Swamp:3)
  12 orc warriors
  A crocodile (Lair:8)
  5 wights
  A crimson imp (D:8)
  A centaur zombie (D:10)
  6 orc priests
  An iguana (Lair:3)
  An orc wizard (Orc:4)
  2 river rats (Lair:5)
  11 orcs
  A fungus (Lair:8)
105 creatures vanquished.

Vanquished Creatures (others)
  6 dancing weapons
  3 yaktaurs (Vaults:3)
  A blink frog (Swamp:3)
  2 deep elf fighters (Vaults:2)
  An orc wizard (D:7)
  3 briar patches (Swamp:2)
  2 bushes (Lair:6)
  50 fungi
  19 plants
87 creatures vanquished.

Grand Total: 1805 creatures vanquished

Notes
Turn   | Place    | Note
--------------------------------------------------------------
     0 | D:1      | inmateoo the Vampire Enchanter began the quest for the Orb.
     0 | D:1      | Reached XP level 1. HP: 13/13 MP: 3/3
   162 | D:1      | Reached XP level 2. HP: 13/19 MP: 5/5
   166 | D:1      | Learned a level 2 spell: Ensorcelled Hibernation
   406 | D:1      | Reached skill level 5 in Hexes
   406 | D:1      | Reached XP level 3. HP: 13/24 MP: 6/6
   411 | D:1      | Learned a level 3 spell: Confuse
  1020 | D:2      | Found a sparkling altar of Nemelex Xobeh.
  1175 | D:2      | Reached XP level 4. HP: 23/30 MP: 7/7
  1257 | D:2      | Found an ancient bone altar of Kikubaaqudgha.
  1460 | D:3      | Reached skill level 6 in Hexes
  1462 | D:3      | Reached skill level 5 in Stealth
  1462 | D:3      | Reached XP level 5. HP: 24/35 MP: 2/8
  1491 | D:3      | Found a deep blue altar of Sif Muna.
  1826 | D:3      | Noticed Sigmund
  1836 | D:3      | Killed Sigmund
  1836 | D:3      | Reached XP level 6. HP: 41/41 MP: 7/10
  1846 | D:3      | Found a shadowy altar of Dithmenos.
  1908 | D:3      | Reached skill level 7 in Hexes
  2260 | D:4      | Noticed Grinder
  2268 | D:4      | Killed Grinder
  2268 | D:4      | Reached XP level 7. HP: 34/46 MP: 7/11
  2305 | D:4      | Noticed Crazy Yiuf
  2309 | D:4      | Killed Crazy Yiuf
  2389 | D:4      | Reached skill level 5 in Short Blades
  2394 | D:4      | HP: 1/46 [orc warrior/war axe (23)]
  2465 | D:4      | Reached skill level 8 in Hexes
  2742 | D:4      | Learned a level 3 spell: Dazzling Spray
  2746 | D:4      | Learned a level 3 spell: Tukima's Dance
  2844 | D:4      | Found Gank's Book Boutique.
  3014 | D:4      | Reached XP level 8. HP: 24/52 MP: 2/12
  3232 | D:5      | Entered Level 5 of the Dungeon
  3942 | D:5      | Reached skill level 9 in Hexes
  4101 | D:5      | Reached skill level 1 in Fighting
  4101 | D:5      | Reached skill level 5 in Dodging
  4271 | D:6      | Reached skill level 1 in Evocations
  4272 | D:6      | Found a staircase to the Ecumenical Temple.
  4284 | Temple   | Entered the Ecumenical Temple
  4287 | Temple   | Became a worshipper of Warmaster Okawaru
  4380 | D:6      | Found a burning altar of Makhleb.
  4531 | D:6      | Reached XP level 9. HP: 56/59 MP: 7/15
  4569 | D:6      | Reached * piety under Okawaru
  4721 | D:6      | Reached skill level 10 in Hexes
  4779 | D:6      | Found a sparkling altar of Nemelex Xobeh.
  4863 | D:6      | Noticed Edmund
  4871 | D:6      | Killed Edmund
  5055 | D:6      | Found a glowing silver altar of Zin.
  5055 | D:6      | Found an opulent altar of Gozag.
  5231 | D:7      | Noticed Prince Ribbit
  5236 | D:7      | Killed Prince Ribbit
  5236 | D:7      | Reached ** piety under Okawaru
  5404 | D:7      | Noticed kaze's ghost (novice TrBe)
  6017 | D:7      | Found Foefec's Book Shoppe.
  6066 | D:7      | Reached skill level 11 in Hexes
  6176 | D:7      | Noticed Duvessa
  6182 | D:7      | Noticed Dowan
  6183 | D:7      | Killed Duvessa
  6203 | D:7      | Killed Dowan
  6424 | D:7      | Reached XP level 10. HP: 60/69 MP: 5/16
  6515 | D:7      | Killed kaze's ghost
  6515 | D:7      | Reached *** piety under Okawaru
  6719 | D:7      | Found a stormy altar of Qazlal.
  7142 | D:8      | Noticed Grum
  7162 | D:8      | Killed Grum
  7167 | D:8      | Reached skill level 12 in Hexes
  7373 | D:8      | Reached **** piety under Okawaru
  7595 | D:8      | Found Echueg's Distillery.
  7604 | D:8      | Bought a potion of mutation for 32 gold pieces
  7604 | D:8      | Bought a potion of might for 52 gold pieces
  7604 | D:8      | Gained mutation: You can spit weak poison. [potion of mutation]
  7604 | D:8      | Gained mutation: You have sharp toenails. [potion of mutation]
  7798 | D:8      | Found an ancient bone altar of Kikubaaqudgha.
  7801 | D:8      | Reached skill level 5 in Spellcasting
  8133 | D:8      | Found a white marble altar of Elyvilon.
  8133 | D:8      | Found a snail-covered altar of Cheibriados.
  8437 | D:8      | Noticed a moth of wrath
  8440 | D:8      | Found a bloodstained altar of Trog.
  9098 | D:9      | Found a staircase to the Lair.
  9364 | D:9      | Reached ***** piety under Okawaru
  9364 | D:9      | Reached skill level 13 in Hexes
  9507 | D:9      | Found a glowing golden altar of the Shining One.
  9630 | D:9      | Found a sacrificial altar of Ru.
  9634 | D:9      | Reached XP level 11. HP: 65/77 MP: 14/19
  9704 | D:9      | Received a gift from Okawaru
  9709 | D:9      | Got an iridescent greatsling {god gift}
  9710 | D:9      | Identified the +10 greatsling "Qilafots" {speed, +Inv rElec rF- Int-5} (Okawaru gifted it to you on level 9 of the Dungeon)
  9787 | D:9      | Found a shattered altar of Ashenzari.
  9870 | D:9      | Learned a level 2 spell: Repel Missiles
 10154 | D:10     | Entered Level 10 of the Dungeon
 10324 | D:10     | Noticed a hill giant
 10326 | D:10     | Killed a hill giant
 10326 | D:10     | Reached skill level 10 in Stealth
 10357 | D:10     | Noticed a hill giant
 10364 | D:10     | Killed a hill giant
 10371 | D:10     | Found a staircase to the Orcish Mines.
 10372 | D:10     | Noticed a hill giant
 10379 | D:10     | Noticed Maurice
 10381 | D:10     | Killed a hill giant
 10420 | D:10     | Killed Maurice
 10678 | D:10     | Noticed a hill giant
 10689 | D:10     | Received a gift from Okawaru
 10699 | D:10     | Killed a hill giant
 10704 | D:10     | Reached skill level 14 in Hexes
 10923 | D:10     | Noticed an unseen horror
 10952 | D:10     | Killed an unseen horror
 10987 | D:10     | Found a shadowy altar of Dithmenos.
 11145 | D:11     | Noticed an unseen horror
 11172 | D:11     | Killed an unseen horror
 11172 | D:11     | Reached skill level 5 in Fighting
 11172 | D:11     | Reached skill level 10 in Short Blades
 11188 | D:11     | Found a portal to a secret trove of treasure.
 11325 | D:11     | Found a basalt altar of Yredelemnul.
 11539 | D:11     | Noticed an eight-headed hydra
 11568 | D:10     | Killed an eight-headed hydra
 11568 | D:10     | Reached skill level 5 in Evocations
 11842 | D:11     | Noticed Urug
 11868 | D:11     | Killed Urug
 11868 | D:11     | Reached XP level 12. HP: 60/86 MP: 6/21
 12332 | D:11     | Received a gift from Okawaru
 12397 | D:11     | Found a basalt altar of Yredelemnul.
 12590 | D:12     | Noticed Nergalle
 12844 | D:12     | Reached ****** piety under Okawaru
 13039 | D:12     | Killed Nergalle
 13095 | D:12     | Reached skill level 15 in Hexes
 13461 | D:12     | Found a roughly hewn altar of Beogh.
 13599 | D:13     | Noticed a centaur warrior
 13603 | D:13     | Received a gift from Okawaru
 13615 | D:13     | Killed a centaur warrior
 14465 | D:13     | Received a gift from Okawaru
 14568 | D:13     | Reached skill level 1 in Air Magic
 14931 | D:13     | Reached skill level 1 in Invocations
 15098 | D:13     | Reached XP level 13. HP: 93/93 MP: 23/23
 15101 | D:13     | Noticed Frances
 15104 | D:13     | Killed Frances
 15255 | D:14     | Received a gift from Okawaru
 15258 | D:14     | Got a smoking quick blade {god gift}
 15259 | D:14     | Identified the +2 quick blade of the Queen {drain, rPois rC+ Dex+3} (Okawaru gifted it to you on level 14 of the Dungeon)
 16216 | Lair:1   | Entered Level 1 of the Lair of Beasts
 16241 | Lair:1   | Reached skill level 16 in Hexes
 17117 | Lair:2   | Noticed Harold
 17142 | Lair:2   | Killed Harold
 17143 | Lair:2   | Received a gift from Okawaru
 17527 | Lair:2   | Gained mutation: You passively map a small area around you. [potion of mutation]
 17527 | Lair:2   | Gained mutation: Your body sometimes deteriorates upon taking damage. [potion of mutation]
 18275 | Lair:3   | Found a labyrinth entrance.
 18290 | Lab      | Entered a labyrinth
 18403 | Lab      | Identified Sif Muna's Volume of the Compass
 18403 | Lab      | Got a translucent brass ring
 18403 | Lab      | Got a brightly glowing jade ring
 18404 | Lab      | Got an aquamarine-studded scale mail
 18428 | Lair:3   | Identified the ring "Adogye" {+Fly MP+9 Dex+4} (You found it in a labyrinth)
 18429 | Lair:3   | Identified the ring of Attitude {rN+ Stlth+} (You found it in a labyrinth)
 18483 | Lair:3   | Learned a level 6 spell: Mass Confusion
 18485 | Lair:3   | Learned a level 1 spell: Apportation
 18490 | Lair:3   | Learned a level 4 spell: Passage of Golubria
 18500 | Lair:3   | Identified the +2 scale mail of the Seven Hells {rC+++ rN+ Regen+ Int-5} (You found it in a labyrinth)
 18648 | Lair:3   | Identified a +5 rod of shadows (14/14) (You took it off a minotaur in a labyrinth)
 19476 | Lair:4   | Reached skill level 1 in Translocations
 20182 | Lair:5   | Found a hole to the Spider Nest.
 20740 | Lair:5   | Reached XP level 14. HP: 95/103 MP: 19/25
 21371 | Lair:6   | Reached skill level 1 in Shields
 21594 | Lair:6   | Found a staircase to the Swamp.
 21799 | Lair:6   | Received a gift from Okawaru
 22620 | Lair:7   | Reached skill level 10 in Dodging
 23468 | Lair:8   | Entered Level 8 of the Lair of Beasts
 23562 | Lair:8   | Received a gift from Okawaru
 23607 | Lair:8   | Found a dark tunnel.
 23630 | Volcano  | Entered a volcano
 24293 | Lair:8   | Noticed emiel's ghost (journeyman FoEE)
 24325 | Lair:8   | Killed emiel's ghost
 24338 | Lair:8   | Found a staircase to the Slime Pits.
 24462 | Lair:8   | Reached skill level 5 in Translocations
 25459 | Lair:8   | Reached XP level 15. HP: 104/108 MP: 27/27
 25532 | Lair:8   | Received a gift from Okawaru
 26903 | Lair:8   | Received a gift from Okawaru
 26906 | Lair:8   | Got a polished hat {god gift}
 26917 | Lair:8   | Identified the +0 hat of Nuwo Sev {*Confuse MP+9 Str+2} (Okawaru gifted it to you on level 8 of the Lair of Beasts)
 27389 | Orc:1    | Entered Level 1 of the Orcish Mines
 27389 | Orc:1    | Noticed Snorg
 27393 | Orc:1    | Killed Snorg
 27560 | Orc:1    | Found a bloodstained altar of Trog.
 28626 | Orc:2    | Found Ulonis's Gadget Boutique.
 28644 | Orc:2    | Reached skill level 1 in Ice Magic
 28705 | Orc:2    | Bought a wand of teleportation (6) for 360 gold pieces
 28705 | Orc:2    | Bought a phial of floods for 480 gold pieces
 28891 | Orc:4    | Entered Level 4 of the Orcish Mines
 29194 | Orc:4    | Found a staircase to the Elven Halls.
 29910 | Orc:4    | Found a roughly hewn altar of Beogh.
 29996 | Orc:4    | Reached skill level 1 in Armour
 30014 | Orc:4    | Found Xuaryk's Jewellery Boutique.
 30029 | Orc:4    | Found Launusur's Armour Shop.
 30465 | Orc:4    | Found Gajyl's Magic Scroll Shop.
 30504 | Orc:4    | Bought a scroll of identify for 26 gold pieces
 30504 | Orc:4    | Bought a scroll of identify for 26 gold pieces
 30504 | Orc:4    | Bought a scroll of teleportation for 39 gold pieces
 30504 | Orc:4    | Bought a scroll of brand weapon for 260 gold pieces
 30504 | Orc:4    | Bought a scroll of magic mapping for 45 gold pieces
 30515 | Orc:4    | Found a roughly hewn altar of Beogh.
 30608 | Orc:4    | Found Adeis's Jewellery Boutique.
 30659 | Orc:4    | Bought the ring "Fitein" {SustAt rElec rC- rN+++ Slay-2} for 519 gold pieces
 31113 | D:14     | Found a gate to the Vaults.
 31309 | D:15     | Entered Level 15 of the Dungeon
 31309 | D:15     | Found a basalt altar of Yredelemnul.
 31829 | D:15     | Found a shattered altar of Ashenzari.
 32081 | D:15     | Found a staircase to the Depths.
 32378 | D:15     | Got a scorched ring mail
 32379 | D:15     | Identified the +10 ring mail of Depression {rN+} (You found it on level 15 of the Dungeon)
 32430 | Depths:1 | Entered Level 1 of the Depths
 32641 | Depths:1 | Received a gift from Okawaru
 32820 | Depths:1 | Found Fyvem's Blood Bar.
 32831 | Depths:1 | Found a gateway to Hell.
 32835 | Depths:1 | Reached XP level 16. HP: 116/116 MP: 29/29
 33052 | Depths:1 | Noticed a tentacled monstrosity
 33152 | Depths:1 | Killed a tentacled monstrosity
 33676 | Depths:1 | Found a corrupted altar of Lugonu.
 33677 | Depths:1 | Found a one-way gate to the infinite horrors of the Abyss.
 33822 | Depths:1 | Got a jewelled leather armour
 33825 | Depths:1 | Identified the +1 leather armour of the Jabberwock {rC+ Regen+ Str+2 Stlth-} (You found it on level 1 of the Depths)
 34016 | Depths:1 | Reached skill level 15 in Short Blades
 34334 | D:11     | Reached skill level 17 in Hexes
 34652 | Swamp:1  | Entered Level 1 of the Swamp
 34736 | Swamp:1  | Received a gift from Okawaru
 35733 | Swamp:2  | Reached skill level 10 in Spellcasting
 35801 | Swamp:2  | Got a jewelled leather armour
 35802 | Swamp:2  | Identified the +0 leather armour of Qeq Uli {*Confuse Int+8} (You found it on level 2 of the Swamp)
 37303 | Swamp:3  | Reached XP level 17. HP: 124/124 MP: 16/31
 37851 | Swamp:3  | Received a gift from Okawaru
 37854 | Swamp:3  | Got an ichor-stained quick blade {god gift}
 37855 | Swamp:3  | Identified the +9 quick blade of Salt {drain, MR+} (Okawaru gifted it to you on level 3 of the Swamp)
 38159 | Swamp:4  | Entered Level 4 of the Swamp
 38233 | Swamp:4  | HP: 3/124 [five-headed hydra (15)]
 38240 | Swamp:4  | HP: 6/124 [poison (poison gas)]
 38686 | Swamp:4  | Noticed Aizul
 39123 | Swamp:3  | Received a gift from Okawaru
 39277 | Swamp:3  | Killed Aizul
 39679 | Swamp:4  | Learned a level 6 spell: Deflect Missiles
 39697 | Swamp:4  | Learned a level 5 spell: Silence
 39832 | Swamp:4  | Got a decaying rune of Zot
 40793 | Vaults:1 | Entered Level 1 of the Vaults
 41086 | Vaults:1 | Reached skill level 18 in Hexes
 41202 | Vaults:1 | Reached skill level 5 in Armour
 41753 | Vaults:1 | Received a gift from Okawaru
 41807 | Vaults:1 | Found a burning altar of Makhleb.
 42288 | Vaults:1 | Found Ithixak's General Store.
 42297 | Vaults:1 | Reached XP level 18. HP: 110/133 MP: 14/32
 42357 | Vaults:1 | Bought a scroll of fear for 52 gold pieces
 42600 | Vaults:2 | Noticed Saint Roka
 43076 | Vaults:2 | Reached skill level 15 in Stealth
 43152 | Vaults:2 | Received a gift from Okawaru
 44297 | Vaults:2 | Killed Saint Roka
 44942 | Vaults:3 | Reached skill level 10 in Fighting
 45304 | Vaults:3 | Reached skill level 10 in Evocations
 45539 | Vaults:3 | Found a staircase to the Crypt.
 45539 | Vaults:3 | Found an ancient bone altar of Kikubaaqudgha.
 45540 | Vaults:3 | Found a basalt altar of Yredelemnul.
 45699 | Vaults:3 | Received a gift from Okawaru
 46465 | Vaults:4 | Reached XP level 19. HP: 140/140 MP: 34/34
 46528 | Vaults:4 | Reached skill level 19 in Hexes
 46874 | Vaults:4 | Noticed a lich
 47080 | Vaults:4 | Killed a lich
 47322 | Vaults:4 | Shot with a bolt of penetration by a yaktaur captain

Action                   |  1- 3 |  4- 6 |  7- 9 | 10-12 | 13-15 | 16-18 | 19-21 || total
-------------------------+-------+-------+-------+-------+-------+-------+-------++-------
Melee: Dagger            |   132 |   110 |   447 |   874 |     3 |    32 |       ||  1598
       Flail             |       |       |     6 |       |       |       |       ||     6
       Quick blade       |       |       |       |       |  2090 |  1798 |   159 ||  4047
 Cast: Ensorcelled Hiber |     9 |    16 |    46 |    84 |   163 |   147 |     5 ||   470
       Confuse           |       |     5 |    48 |   102 |   119 |   142 |    24 ||   440
       Tukima's Dance    |       |       |     4 |    30 |    19 |    25 |     2 ||    80
       Dazzling Spray    |       |       |       |    33 |   103 |   197 |    18 ||   351
       Repel Missiles    |       |       |       |     4 |     4 |     8 |       ||    16
       Mass Confusion    |       |       |       |       |     7 |     6 |     1 ||    14
       Passage of Golubr |       |       |       |       |       |     6 |       ||     6
       Apportation       |       |       |       |       |       |     2 |       ||     2
       Silence           |       |       |       |       |       |     2 |     1 ||     3
Invok: Heroism           |       |       |       |       |       |     2 |       ||     2
 Abil: Stop Flying       |       |       |       |       |     1 |       |       ||     1
       Evoke Teleportati |       |       |       |       |     3 |     1 |       ||     4
Evoke: Wand              |       |       |       |     8 |     7 |     2 |       ||    17
       Deck              |       |       |       |     2 |       |     4 |       ||     6
       Rod               |       |       |       |       |    25 |    22 |     7 ||    54
       Sack of spiders   |       |       |       |       |    14 |       |       ||    14
       Phial of floods   |       |       |       |       |     1 |     2 |       ||     3
       Fan of gales      |       |       |       |       |     1 |     1 |       ||     2
  Use: Scroll            |     4 |     5 |     7 |     7 |    20 |     8 |       ||    51
       Potion            |       |       |     3 |     5 |     5 |     1 |       ||    14
 Stab: Sleeping          |    17 |    25 |    47 |    75 |   211 |   124 |    10 ||   509
       Confused          |       |     3 |    22 |    75 |    87 |   110 |    11 ||   308
       Distracted        |       |       |     1 |       |    14 |    11 |       ||    26
       Paralysed         |       |       |       |     3 |       |       |       ||     3
       Invisible         |       |       |       |    21 |    49 |    67 |    10 ||   147
  Eat: Corpse            |    14 |     9 |    21 |    51 |   112 |    77 |     8 ||   292
